 Dungeon Crawl Stone Soup version 0.30-a0-55-g90e3122c3a (webtiles) character file.

Game seed: 14205451370518929240

56 Decritt the Trooper (level 3, -8/24 HPs)
             Began as a Gargoyle Fighter on Sept 10, 2022.
             Mangled by an ogre
             ... wielding a +0 giant club
              (19 damage)
             ... on level 3 of the Dungeon.
             The game lasted 00:02:24 (1727 turns).

Decritt the Trooper (Gargoyle Fighter)              Turns: 1727, Time: 00:02:25

Health: -8/24      AC: 12    Str: 21    XL:     3   Next: 97%
Magic:  3/3        EV:  7    Int:  8    God:
Gold:   108        SH:  4    Dex:  9    Spells: 2/2 levels left

rFire   . . .      SeeInvis .    a - +0 flail
rCold   . . .      Faith    .    c - +0 buckler
rNeg    + . .      Spirit   .    e - +0 chain mail
rPois   ∞          Reflect  .    (no helmet)
rElec   +          Harm     .    (no cloak)
rCorr   .          Rampage  .    (no gloves)
Will    .....                    (no boots)
Stlth   ..........               (no amulet)
HPRegen 0.08/turn                (no ring)
MPRegen 0.08/turn                (no ring)

@: no status effects
A: sickness immunity, AC +3, negative energy resistance 1, electricity
resistance, torment resistance 1, petrification resistance
a: no special abilities


You were on level 3 of the Dungeon.
You visited 1 branch of the dungeon, and saw 3 of its levels.

You collected 108 gold pieces.

Inventory:

Hand Weapons
 a - a +0 flail (weapon)
Armour
 b - a +0 scale mail
 c - a +0 buckler (worn)
 e - a +0 chain mail (worn)
Jewellery
 h - a ring of ice
 k - a ring of wizardry
Wands
 i - a wand of paralysis (6)
Scrolls
 j - a scroll of torment {unknown}
 l - a scroll of butterflies {unknown}
Potions
 d - a potion of might
 f - 2 potions of berserk rage {unknown}
 g - a potion of curing {unknown}


   Skills:
 * Level 4.1 Fighting
 + Level 2.5 Maces & Flails
 * Level 4.1 Armour
 - Level 3.3 Shields


You had 2 spell levels left.
You didn't know any spells.
Your spell library contained the following spells:

 Spells                   Type           Power      Damage    Failure   Level
 Beastly Appendage        Tmut           0%         N/A       99%         1
 Wereblood                Tmut           0%         N/A       100%        2
 Spider Form              Tmut/Pois      0%         N/A       100%        3
 Summon Guardian Golem    Hex/Summ       0%         N/A       100%        3
 Petrify                  Tmut/Erth      0%         N/A       100%        4
 Irradiate                Conj/Tmut      0%         3d11      100%        5
 Orb of Destruction       Conj           0%         9d5       100%        7
 Spellforged Servitor     Conj/Summ      0%         N/A       100%        7
 Sublimation of Blood     Necr           Unusable   N/A       N/A         2

Dungeon Overview and Level Annotations

Branches:
Dungeon (3/15)

Altars:
Qazlal


Innate Abilities, Weirdness & Mutations

You are immune to sickness and miasma.
Your stone body is resilient. (AC +3)
You are immune to poison.
You resist negative energy. (rN+)
You are resistant to electric shocks. (rElec)
You are resistant to unholy torment.
You are immune to petrification.


Message History

Found a dagger.
No target in view!
Found an escape hatch in the ceiling.
No target in view!
No target in view!
No target in view!
No target in view!
No target in view!
There is a stone staircase leading up here.
You now have 95 gold pieces (gained 10).
Found a stone staircase leading up.
No target in view!
f - 2 puce potions (gained 1)
A worm comes into view.
You see here 13 gold pieces.
The worm bites you but does no damage.
You sock the worm!
The worm is heavily wounded.
You hit the worm.
The worm is almost dead.
The worm barely misses you.
You sock the worm!
You kill the worm!
No target in view!
You now have 108 gold pieces (gained 13).
An ogre comes into view. It is wielding a +0 giant club.
The ogre shouts!
You sock the ogre!
The ogre is heavily wounded.
The ogre hits you but does no damage.
You sock the ogre!
The ogre is severely wounded.
The ogre hits you with a +0 giant club!
Ouch! That really hurt!
* * * LOW HITPOINT WARNING * * *
You hit the ogre.
The ogre is severely wounded.
The ogre hits you with a +0 giant club!!
Ouch! That really hurt!
You die...

######### #.......#.
#.#.####.... #######
#.#.#.†<#.## #..O@.#
#.#.#.###.##
#.###.####.#<#.......
#...##.)..........#
#...........<...#..
#.............###..
#..†...............
..................####
...♣♣♣...♣♣♣......#
...♣ #♣.♣# #♣.....#


You could see an ogre.

Vanquished Creatures
  An adder (D:2)
  A worm (D:3)
  A dart slug (D:3)
  5 ball pythons
  3 bats
  2 endoplasms (D:2)
  2 giant cockroaches
  4 goblins
  8 hobgoblins
  5 kobolds
  A quokka (D:2)
  2 frilled lizards
  3 rats
38 creatures vanquished.

Notes
Turn   | Place    | Note
-------+----------+-------------------------------------------
     0 | D:1      | Decritt the Gargoyle Fighter began the quest for the Orb.
     0 | D:1      | Reached XP level 1. HP: 14/14 MP: 1/1
   175 | D:1      | Reached XP level 2. HP: 19/19 MP: 2/2
   859 | D:2      | Reached XP level 3. HP: 24/24 MP: 3/3
  1336 | D:2      | Found a stormy altar of Qazlal.
  1723 | D:3      | Noticed an ogre
  1727 | D:3      | Mangled by an ogre

Illustrated notes

Levels and vault maps discovered:
D:1:      amcnicky_arrival_feature_with_door, layout_loops_ring
D:2:      layout_loops_ring, basic_altar
D:3:      layout_basic, corexii_hall_statues_i, minmay_stone_trees_medium,
          minmay_puff

Skill      XL: |  1  2  3 |
---------------+----------+-----
Fighting       | 4 |  4.1
Armour         | 4 |  4.1
Maces & Flails | |  2.5
Shields        | |  3.3

Action                   || total
-------------------------++-------
Melee: Flail             ||   113
Armor: Chain mail        ||    73
       Scale mail        ||     4
Dodge: Dodged            ||    49
Block: Buckler           ||    19

Table legend: (Time is in decaauts)
 A = Elapsed time spent in this place.
 B = Non-inter-level travel time spent in this place.
 C = Inter-level travel time spent in this place.
 D = Time resting spent in this place.
 E = Time spent auto-exploring this place.
 F = Levels seen in this place.
 G = Mean time per level.
                   A        B        C        D        E       F      G
               +--------+--------+--------+--------+--------+-----+--------+
         Total |   1762 |   1721 |     41 |      0 |   1410 |   3 |  587.3 |
       Dungeon |   1762 |   1721 |     41 |      0 |   1410 |   3 |  587.3 |
               +--------+--------+--------+--------+--------+-----+--------+

Top non-repeatable levels by time:
     D:1: 866 daAuts
     D:2: 843 daAuts
     D:3: 52 daAuts
